 Dungeon Sprint DCSS version 0.21-a0-265-gb353147 (webtiles) character file.

1003 Kidiri the Thaumaturge (level 8, -19/48 HPs)
             Began as a Deep Elf Fire Elementalist on Sept 10, 2017.
             Was an Initiate of Vehumet.
             Killed by an exploding ballistomycete spore (37 damage)
             ... in the Dungeon (Sprint I: "Red Sonja").
             The game lasted 00:02:37 (565 turns).

Kidiri the Thaumaturge (Deep Elf Fire Elementalist)  Turns: 565, Time: 00:02:38

Health: -19/48     AC:  4    Str:  5    XL:     8   Next: 0%
Magic:  27/27      EV: 16    Int: 23    God:    Vehumet [......]
Gold:   408        SH:  0    Dex: 15    Spells: 16/34 levels left

rFire    + . .     SeeInvis .   (no weapon)
rCold    . . .     Gourm    .   (no shield)
rNeg     . . .     Faith    .   d - +2 robe {rF+}
rPois    .         Spirit   .   (no helmet)
rElec    .         Reflect  .   (no cloak)
rCorr    .         Harm     .   (no gloves)
MR       .....     NoTele   +   (no boots)
Stlth    +.........             (no amulet)
HPRegen  0.16/turn              (no ring)
MPRegen  0.20/turn              (no ring)

@: confused
A: no striking features
a: Renounce Religion


You were in the Dungeon.
You worshipped Vehumet.
Vehumet was noncommittal.
You were not hungry.

You visited 1 branch You collected 408 gold pieces.

Inventory:

Armour
 d - a +2 robe of fire resistance (worn)
Wands
 j - a wand of polymorph (3/24)
Scrolls
 a - a scroll of amnesia {unknown}
 i - a scroll of blinking
Potions
 e - a potion of heal wounds
 f - a potion of haste
 g - 2 potions of magic
 h - a potion of berserk rage
Books
 b - a book of Flames

   Spells                             Type                      Level
   a - Flame Tongue                   Conjuration/Fire             1
   b - Throw Flame                    Conjuration/Fire             2
   c - Conjure Flame                  Conjuration/Fire             3
   d - Inner Flame                    Hexes/Fire                   3
   e - Sticky Flame                   Conjuration/Fire             4
   f - Fireball                       Conjuration/Fire             5
Comestibles
 c - a bread ration
 k - a chunk of flesh
 l - 2 fruits


   Skills:
 + Level 3.7 Fighting
 + Level 3.6 Armour
 + Level 6.0 Dodging
 - Level 2.4 Stealth
 * Level 13.9 Spellcasting
 + Level 8.6 Conjurations
 + Level 9.2 Fire Magic


You had 16 spell levels left.
You knew the following spells:

 Your Spells              Type           Power        Failure   Level  Hunger
a - Flame Tongue          Conj/Fire      #####        1%          1    None
b - Throw Flame           Conj/Fire      ######       1%          2    None
c - Conjure Flame         Conj/Fire      ######..     1%          3    None
d - Inner Flame           Hex/Fire       #####...     1%          3    None
e - Sticky Flame          Conj/Fire      ######..     1%          4    None
f - Fireball              Conj/Fire      ######....   2%          5    ###....


Dungeon Overview and Level Annotations

Branches:
Dungeon (1/1)

Altars:
Cheibriados
Dithmenos
Elyvilon
Fedhas
Gozag
Hepliaklqana
Kikubaaqudgha
Nemelex Xobeh
Okawaru
Qazlal
Ru
Sif Muna
Trog
Uskayaw
Vehumet
Wu Jian
Yredelemnul
Zin
The Shining One

Shops:
D !(


Message History

There is an open door here.
You start resting.
HP restored.
You start resting.
Magic restored.
You open the door. 2 ballistomycete spores come into view.
The ballistomycete spore waves its rhizomes.
A ballistomycete grows in the wake of the ballistomycete spore.
The ballistomycete spore explodes!
The explosion of spores engulfs the ballistomycete.
The explosion of spores engulfs you!
You are confused.
Ouch! That really hurt!
The explosion of spores engulfs the ballistomycete spore.
The ballistomycete spore explodes!
A fungus suddenly grows.
The explosion of spores engulfs you!
You are more confused.
Ouch! That really hurt!
You die...

#..#__####..##.#
#..#_____##+#_.+
#⌠⌠#_.∩...+..._#
####_..__##_.#+#
#_____###'#.#
############.###
#∩........'...+
###++++####...#
##@## #P#


P$! $!!)$ ####### There were no monsters in sight!

Vanquished Creatures
  Sonja (D)
  Sigmund (D)
  A yak (D)
  An ogre (D)
  A jelly (D)
  Ijyb (D)
6 creatures vanquished.

Notes
Turn   | Place    | Note
-------+----------+-------------------------------------------
     0 | D        | Kidiri the Deep Elf Fire Elementalist began the quest for the Orb.
     0 | D        | Reached XP level 1. HP: 10/10 MP: 6/6
     3 | D        | Noticed Ijyb
    28 | D        | Killed Ijyb
    28 | D        | Reached skill level 6 in Spellcasting
    28 | D        | Reached XP level 2. HP: 15/15 MP: 1/11
    32 | D        | Learned a level 2 spell: Throw Flame
   121 | D        | Noticed an ogre
   124 | D        | Killed an ogre
   124 | D        | Reached skill level 8 in Spellcasting
   124 | D        | Reached skill level 5 in Fire Magic
   124 | D        | Reached XP level 3. HP: 19/19 MP: 9/15
   124 | D        | Reached XP level 4. HP: 24/24 MP: 9/16
   129 | D        | Learned a level 3 spell: Conjure Flame
   133 | D        | Learned a level 3 spell: Inner Flame
   138 | D        | Learned a level 4 spell: Sticky Flame
   170 | D        | Noticed Sigmund
   180 | D        | Killed Sigmund
   180 | D        | Reached skill level 11 in Spellcasting
   180 | D        | Reached XP level 5. HP: 12/28 MP: 3/21
   180 | D        | Reached XP level 6. HP: 14/32 MP: 3/22
   187 | D        | Learned a level 5 spell: Fireball
   370 | D        | Found an ornate altar of the Wu Jian Council.
   370 | D        | Found a deep blue altar of Sif Muna.
   377 | D        | Found a radiant altar of Vehumet.
   394 | D        | Became a worshipper of Vehumet
   413 | D        | Found Faycwoige's Antique Weapon Emporium.
   413 | D        | Found an ancient bone altar of Kikubaaqudgha.
   413 | D        | Found a hazy altar of Hepliaklqana.
   413 | D        | Found a stormy altar of Qazlal.
   413 | D        | Found a hide-covered altar of Uskayaw.
   413 | D        | Found a blossoming altar of Fedhas.
   413 | D        | Found a bloodstained altar of Trog.
   413 | D        | Found an iron altar of Okawaru.
   413 | D        | Found a basalt altar of Yredelemnul.
   413 | D        | Found a glowing golden altar of the Shining One.
   413 | D        | Found a snail-covered altar of Cheibriados.
   413 | D        | Found a sacrificial altar of Ru.
   413 | D        | Found a glowing silver altar of Zin.
   413 | D        | Found a shadowy altar of Dithmenos.
   413 | D        | Found a white marble altar of Elyvilon.
   413 | D        | Noticed a yak
   417 | D        | Killed a yak
   417 | D        | Reached skill level 12 in Spellcasting
   443 | D        | Found an opulent altar of Gozag.
   446 | D        | Found a sparkling altar of Nemelex Xobeh.
   475 | D        | Noticed Sonja
   480 | D        | Killed Sonja
   480 | D        | Reached skill level 13 in Spellcasting
   480 | D        | Reached XP level 7. HP: 34/42 MP: 9/26
   480 | D        | Reached XP level 8. HP: 39/48 MP: 9/27
   516 | D        | Found Boabelaj's Distillery.
   565 | D        | Killed by an exploding ballistomycete spore

Vault maps used:
D:        dungeon_sprint_1

Skill      XL: |  1  2  3  4  5  6 |
---------------+-------------------+-----
Spellcasting   | 6 8 11 13 | 13.9
Conjurations   | 3 4 6 8 |  8.6
Fire Magic     | 4 5 7 9 |  9.2
Fighting       | 3 |  3.7
Armour         | 3 |  3.6
Dodging        | 6 |  6.0
Stealth        | |  2.4

Action                   |  1- 3 |  4- 6 |  7- 9 || total
-------------------------+-------+-------+-------++-------
Melee: Unarmed           |    15 |       |       ||    15
 Cast: Flame Tongue      |     9 |    12 |       ||    21
       Sticky Flame      |       |     4 |       ||     4
       Fireball          |       |     1 |     1 ||     2
       Conjure Flame     |       |     1 |       ||     1
  Use: Potion            |       |     1 |       ||     1
Armor: Skin              |    10 |       |       ||    10
Dodge: Dodged            |       |     5 |       ||     5

Table legend:
 A = Spawn XP
 B = Non-spawn XP
 C = Spawn XP percentage of total XP
 D = Spawn monster count
 E = Non-spawn monster count
 F = Spawn count percentage of total count
 G = Total turns spent on level
                    A         B        C        D         E        F      G
               +---------+---------+-------+---------+---------+-------+---------
         Total |       0 |    1434 |   0.0 |       0 |       6 |   0.0 |   565
               +---------+---------+-------+---------+---------+-------+---------
             D |       0 |    1434 |   0.0 |       0 |       6 |   0.0 |   565
               +---------+---------+-------+---------+---------+-------+---------
